[Event "Team 45 45 League T50"]
[Site "Internet Chess Club"]
[Date "2011.08.29"]
[Round "3"]
[White "Helaman"]
[Black "UnderRated"]
[Result "1-0"]
[WhiteElo "1470"]
[BlackElo "1553"]
[Opening "Sicilian: modern Scheveningen, main line"]
[ECO "B83"]
[Time "18:30:05"]
[TimeControl "2700+45"]

1. e4 c5 2. Nf3 e6 3. d4 cxd4 4. Nxd4 Nf6 5. Nc3 d6 6. Be2 Be7 7. O-O O-O 8. Be3
Nc6 9. f4 e5 10. Nb3 exf4 11. Bxf4 Be6 12. Kh1 Ne5 13. Qd2 a6 14. a3 Qc7 15.
Rad1 Rfd8 16. Nd4 Bc4 17. Qe1 b5 18. Nf5 Bf8 19. Ne3 Be6 20. Bg3 Be7 21. Ned5
Bxd5 22. exd5 Rac8 23. Bd3 Re8 24. Bf5 Nfd7 25. Bxe5 Nxe5 26. Bxc8 Qxc8 27. b3
Bf6 28. Ne4 Bd8 29. Nxd6 {Black resigns} 1-0

[Event "Team 45 45 League T50"]
[Site "Internet Chess Club"]
[Date "2011.08.28"]
[Round "3"]
[White "whiskeytown"]
[Black "BrandonBee"]
[Result "1/2-1/2"]
[WhiteElo "1449"]
[BlackElo "1514"]
[Opening "Sicilian defense"]
[ECO "B40"]
[Time "13:02:38"]
[TimeControl "2700+45"]

1. e4 c5 2. Nf3 e6 3. d3 Nc6 4. g3 d6 5. Bg2 Nf6 6. O-O Be7 7. Re1 e5 8. c3 Qb6
9. Nbd2 Bg4 10. Qb3 Qxb3 11. axb3 O-O 12. Nc4 b5 13. Na5 Nxa5 14. Rxa5 a6 15.
Bg5 Bd8 16. Ra2 h6 17. Bxf6 Bxf6 18. Rea1 Bc8 19. Ra5 Bb7 20. Ne1 Bd8 21. R5a2
Bb6 22. Nc2 a5 23. Ne3 g6 24. Bh3 Rad8 25. Rf1 d5 26. Bg2 dxe4 27. Bxe4 Bxe4 28.
dxe4 Rde8 29. Nd5 Bd8 30. c4 b4 31. Raa1 Re6 32. Rae1 Ra6 33. Ra1 Kg7 {Game
drawn by mutual agreement} 1/2-1/2

[Event "Team 45 45 League T50"]
[Site "Internet Chess Club"]
[Date "2011.08.27"]
[Round "3"]
[White "blizzard13"]
[Black "tightfist"]
[Result "0-1"]
[WhiteElo "1419"]
[BlackElo "1531"]
[Opening "French: exchange variation"]
[ECO "C01"]
[Time "14:00:54"]
[TimeControl "2700+45"]

1. e4 e6 2. d4 d5 3. exd5 exd5 4. Bd3 Nf6 5. Bg5 Nbd7 6. Nc3 c6 7. Nf3 Be7 8.
O-O O-O 9. Re1 h6 10. Bh4 Re8 11. Ne5 Nxe5 12. dxe5 Nd7 13. Bxe7 Qxe7 14. f4 Nc5
15. Be2 Bf5 16. g4 Ne4 17. gxf5 Qc5+ 18. Kh1 Nf2+ 19. Kg2 Nxd1 20. Raxd1 Rad8
21. Bf3 Qb4 22. e6 fxe6 23. fxe6 Qxf4 24. Ne2 Qg5+ 25. Ng3 Rd6 26. Re2 Rdxe6 27.
Rxe6 Rxe6 28. Kf2 Kf8 29. Nf1 Qh4+ 30. Kg2 h5 31. Rd2 g5 32. Rf2 Ke7 33. Bd1 g4
34. Ng3 Qh3+ 35. Kg1 Re1+ 36. Rf1 Rxf1+ 37. Nxf1 h4 38. c3 g3 39. hxg3 hxg3 40.
Bf3 Kd6 41. Bg2 Qg4 42. a3 d4 43. c4 d3 44. Ne3 Qd4 {White resigns} 0-1

[Event "Team 45 45 League T50"]
[Site "Internet Chess Club"]
[Date "2011.08.25"]
[Round "3"]
[White "pauliewoll"]
[Black "LazyPeon"]
[Result "1/2-1/2"]
[WhiteElo "1677"]
[BlackElo "1755"]
[Opening "Four knights: Spanish variation"]
[ECO "C48"]
[Time "13:30:47"]
[TimeControl "2700+45"]

1. e4 e5 2. Nf3 Nc6 3. Nc3 Nf6 4. Bb5 d6 5. d4 exd4 6. Nxd4 Bd7 7. O-O Nxd4 8.
Qxd4 Be7 9. e5 dxe5 10. Qxe5 O-O 11. Bg5 Bd6 12. Qd4 Bxb5 13. Nxb5 Be7 14. Rad1
Qxd4 15. Rxd4 c6 16. Nc3 Rfd8 17. Rfd1 Rxd4 18. Rxd4 Rd8 19. Rxd8+ Bxd8 20. Kf1
Kf8 21. Ke2 Ke7 22. Ne4 Bb6 23. Nxf6 gxf6 24. Be3 Ke6 25. Bxb6 axb6 26. Kf3 Kf5
27. g4+ Ke5 28. a4 f5 29. g5 f6 30. h4 fxg5 31. hxg5 b5 32. axb5 cxb5 33. Kg3
Ke4 34. b4 b6 35. Kh4 Kf3 36. Kh5 Kxf2 37. Kh6 Ke2 38. Kxh7 f4 39. g6 f3 40. g7
f2 41. g8=Q f1=Q 42. Qe6+ Kd2 43. Qxb6 Kxc2 44. Qc5+ Kb3 45. Kg6 Qc4 46. Qd6
Qxb4 47. Qd1+ Ka2 48. Qe2+ Qb2 49. Qe6+ Ka1 50. Qc6 b4 51. Qa4+ Qa3 52. Qd1+ Ka2
53. Qc2+ Qb2 54. Qa4+ Kb1 55. Qd1+ Ka2 56. Qa4+ Qa3 57. Qc2+ Ka1 58. Qd1+ Kb2
59. Qd2+ Kb3 60. Qd3+ Ka2 61. Qc2+ Qb2 {Game drawn by mutual agreement} 1/2-1/2

[Event "Team 45 45 League T50"]
[Site "Internet Chess Club"]
[Date "2011.08.30"]
[Round "3"]
[White "ticopatzer"]
[Black "Buford-Julep"]
[Result "1-0"]
[WhiteElo "1686"]
[BlackElo "1677"]
[Opening "QGA: 3.e4"]
[ECO "D20"]
[Time "19:00:20"]
[TimeControl "2700+45"]

1. d4 d5 2. c4 dxc4 3. e4 e5 4. Nf3 Bb4+ 5. Bd2 Bxd2+ 6. Qxd2 exd4 7. Nxd4 Ne7
8. Bxc4 O-O 9. O-O Nbc6 10. Nxc6 Nxc6 11. Rd1 Bg4 12. f3 Qe7 13. Bd5 Be6 14. Nc3
Rad8 15. Qf2 Bxd5 16. Nxd5 Qd6 17. Rac1 Nb4 18. Qxa7 Nxd5 19. Rxd5 Qf4 20. Rdd1
Qxc1 21. Rxc1 Rd1+ 22. Rxd1 {Black resigns} 1-0

[Event "Team 45 45 League T50"]
[Site "Internet Chess Club"]
[Date "2011.08.26"]
[Round "3"]
[White "SirIvanhoe"]
[Black "Dracoac"]
[Result "1/2-1/2"]
[WhiteElo "1531"]
[BlackElo "1540"]
[Opening "Sicilian: closed, Korchnoi variation"]
[ECO "B23"]
[Time "13:00:34"]
[TimeControl "2700+45"]

1. e4 c5 2. Nc3 e6 3. g3 d5 4. exd5 exd5 5. Bg2 Bd7 6. Nge2 Bc6 7. O-O Nf6 8. d4
c4 9. Re1 Be7 10. Nf4 O-O 11. Nfxd5 Nxd5 12. Nxd5 Bxd5 13. Bxd5 Qxd5 14. Rxe7
Nc6 15. Re3 Qxd4 16. Re1 Rae8 17. c3 Qd3 18. Be3 Rd8 19. Qe2 a6 20. Bc5 Qxe2 21.
Rxe2 Rfe8 22. Rxe8+ Rxe8 23. Kf1 f6 24. Rd1 Ne5 25. Be3 Nd3 26. b3 Ne5 {Game
drawn by mutual agreement} 1/2-1/2

[Event "Team 45 45 League T50"]
[Site "Internet Chess Club"]
[Date "2011.08.27"]
[Round "3"]
[White "vigneshv"]
[Black "CKNIGHT3"]
[Result "1-0"]
[WhiteElo "1610"]
[BlackElo "1576"]
[Opening "QGD semi-Slav: 5.e3"]
[ECO "D45"]
[Time "19:04:41"]
[TimeControl "2700+45"]

1. d4 d5 2. c4 c6 3. e3 Nf6 4. Nc3 e6 5. Nf3 Bd6 6. Bd3 dxc4 7. Bxc4 b5 8. Bb3
a6 9. e4 Be7 10. O-O Nbd7 11. Ng5 Nb6 12. e5 Nfd5 13. Qh5 g6 14. Qh6 Bxg5 15.
Bxg5 Qc7 16. Qg7 Rf8 17. Ne4 Bb7 18. Rac1 h5 19. Nd6+ Kd7 20. Nxf7 Rae8 21. Nd6+
Ne7 22. Bxe7 Rxe7 23. Qxf8 Nc8 24. Nxc8 Bxc8 25. Rfd1 Qb7 26. Qf6 Kd8 27. Qxg6
h4 28. Qf6 Kd7 29. Qxh4 Ke8 30. Qh8+ Kd7 31. Rc3 Re8 32. Qf6 Re7 33. Rg3 Ke8 34.
Rg8+ Kd7 35. Rg7 Ke8 36. Rxe7+ Qxe7 37. Qxe7+ Kxe7 38. h4 Bd7 39. h5 Be8 40. h6
Bg6 41. Rd2 Kf7 42. Bc2 Bh5 43. Rd3 Bg6 44. Rf3+ Bf5 45. Bxf5 exf5 46. Rxf5+ Kg6
47. Rf6+ Kh7 48. e6 Kg8 49. e7 Kh7 50. e8=Q c5 51. Qe7+ Kg8 52. Rf8# {Black
checkmated} 1-0

[Event "Team 45 45 League T50"]
[Site "Internet Chess Club"]
[Date "2011.08.28"]
[Round "3"]
[White "SlimeDog2"]
[Black "Stryker672"]
[Result "1/2-1/2"]
[WhiteElo "2087"]
[BlackElo "1942"]
[Opening "Kevitz-Trajkovich defense"]
[ECO "A50"]
[Time "16:05:10"]
[TimeControl "2700+45"]

1. d4 Nf6 2. c4 Nc6 3. Nf3 e6 4. Nc3 Bb4 5. Qc2 O-O 6. Bg5 h6 7. Bd2 d6 8. a3
Bxc3 9. Bxc3 Qe7 10. e3 e5 11. Be2 Bg4 12. d5 Nb8 13. h3 Bh5 14. e4 Bg6 15. Bd3
Nbd7 16. O-O Nc5 17. Rae1 Nxd3 18. Qxd3 Nh5 19. g3 f5 20. Nh4 Qf6 21. exf5 Bxf5
22. Qxf5 Qxf5 23. Nxf5 Rxf5 24. g4 Rg5 25. Bd2 Rg6 26. Kh2 Nf6 27. f4 exf4 28.
Rxf4 Re8 29. Rxe8+ Nxe8 30. Bc3 Nf6 31. Bxf6 gxf6 32. Rf5 Kf7 33. Rh5 Kg7 34.
Kg3 Rg5 35. Kf4 Kg6 36. Rxg5+ fxg5+ 37. Ke4 b6 38. b4 a6 39. a4 Kf6 40. Kd4 Kg6
41. c5 b5 {Game drawn by mutual agreement} 1/2-1/2

[Event "Team 45 45 League T50"]
[Site "Internet Chess Club"]
[Date "2011.08.25"]
[Round "3"]
[White "Deckfuel"]
[Black "AlexeiD"]
[Result "0-1"]
[WhiteElo "1995"]
[BlackElo "2134"]
[Opening "Sicilian: accelerated fianchetto, modern variation with Bc4"]
[ECO "B35"]
[Time "11:00:24"]
[TimeControl "2700+45"]

1. e4 c5 2. Nf3 g6 3. d4 cxd4 4. Nxd4 Bg7 5. Nc3 Nc6 6. Be3 Nf6 7. Bc4 Qa5 8.
O-O O-O 9. a3 d6 10. h3 Bd7 11. Nf3 Rac8 12. Qd3 a6 13. Rad1 Ne5 14. Nxe5 Qxe5
15. f4 Qh5 16. Bd4 Bc6 17. e5 dxe5 18. fxe5 Qg5 19. Rf2 Nh5 20. e6 f5 21. Bd5
Rfd8 22. Bxg7 Kxg7 23. Qf3 Bxd5 24. Rxd5 Qc1+ 25. Rf1 Qxb2 26. Rxf5 gxf5 27.
Qxh5 Qxc3 28. Rxf5 Qd4+ 29. Kh2 Qd6+ 30. Kg1 Qd1+ 31. Qxd1 Rxd1+ 32. Kh2 {White
resigns} 0-1

[Event "Team 45 45 League T50"]
[Site "Internet Chess Club"]
[Date "2011.08.28"]
[Round "3"]
[White "DreamCatcher13"]
[Black "zachi"]
[Result "1-0"]
[WhiteElo "2008"]
[BlackElo "1968"]
[Opening "Caro-Kann: classical, Spassky variation"]
[ECO "B19"]
[Time "22:05:57"]
[TimeControl "2700+45"]

1. e4 c6 2. d4 d5 3. Nc3 dxe4 4. Nxe4 Bf5 5. Ng3 Bg6 6. h4 h6 7. Nf3 Nd7 8. h5
Bh7 9. Bd3 Bxd3 10. Qxd3 e6 11. Bf4 Qa5+ 12. Bd2 Bb4 13. Ne4 Ngf6 14. Nd6+ Ke7
15. Nc4 Bxd2+ 16. Nfxd2 Qc7 17. O-O-O Rhd8 18. Qa3+ c5 19. Nb3 b6 20. Kb1 Kf8
21. dxc5 bxc5 22. Nd6 Kg8 23. f3 Rab8 24. Qa5 Qc6 25. Rh4 Nd5 26. Nc4 N7b6 27.
Rdh1 Nxc4 28. Rxc4 Rb5 29. Qxd8+ {Black resigns} 1-0

[Event "Team 45 45 League T50"]
[Site "Internet Chess Club"]
[Date "2011.08.26"]
[Round "3"]
[White "Holzschlange"]
[Black "crag"]
[Result "1-0"]
[WhiteElo "1841"]
[BlackElo "1723"]
[Opening "French: Rubinstein variation"]
[ECO "C10"]
[Time "13:05:24"]
[TimeControl "2700+45"]

1. e4 e6 2. d4 d5 3. Nc3 dxe4 4. Nxe4 Nd7 5. Nf3 Ngf6 6. Bg5 h6 7. Bxf6 Nxf6 8.
Bd3 Nxe4 9. Bxe4 c5 10. Qe2 f5 11. Bxf5 Qf6 12. Be4 cxd4 13. O-O-O Bd6 14. Rxd4
Bf4+ 15. Kb1 O-O 16. Rhd1 a5 17. a3 Ra6 18. Qc4 Rb6 19. Qc5 e5 20. Rd6 Rxd6 21.
Rxd6 Qe7 22. Bd5+ {Black resigns} 1-0

[Event "Team 45 45 League T50"]
[Site "Internet Chess Club"]
[Date "2011.08.29"]
[Round "3"]
[White "DTK"]
[Black "SuperPeon"]
[Result "0-1"]
[WhiteElo "2198"]
[BlackElo "2140"]
[Opening "Inverted Hanham"]
[ECO "C42"]
[Time "22:00:40"]
[TimeControl "2700+45"]

1. e4 e5 2. Nf3 Nf6 3. d3 Nc6 4. Be2 d5 5. Nbd2 Be7 6. c3 O-O 7. b4 a6 8. O-O h6
9. Bb2 Be6 10. a4 b5 11. Re1 Qd7 12. exd5 Nxd5 13. Bf1 Nf4 14. Ne4 Rad8 15. d4
exd4 16. axb5 axb5 17. Qd2 dxc3 18. Qxc3 f6 19. Bxb5 Bd5 20. Bxc6 Qxc6 21. Qxc6
Bxc6 22. Nc5 Bxc5 23. bxc5 Bxf3 24. gxf3 Nd3 25. Re2 Rfe8 26. Rxe8+ Rxe8 27. Bd4
Re1+ 28. Rxe1 Nxe1 29. Be3 Nxf3+ 30. Kg2 Nh4+ 31. Kh3 g5 32. Kg4 Kg7 33. Kh5 c6
34. Bf4 Nf5 35. Bc7 Kh7 36. Bd8 Ng7+ 37. Kg4 Kg6 38. Kf3 Kf5 39. h3 h5 40. Be7
Ke5 41. Bd6+ Kd5 42. Be7 Ne8 43. Ke3 Ke5 44. Kf3 Kf5 45. Kg3 Nc7 46. Kf3 Ne6 47.
Bd6 Nd4+ 48. Ke3 Nb5 49. Be7 Nc3 50. Bd6 Nd5+ 51. Kf3 h4 52. Kg2 Ke4 53. Bf8
Nf4+ 54. Kh2 Kf3 55. Be7 Nd5 56. Bd8 Kxf2 {White resigns} 0-1

[Event "Team 45 45 League T50"]
[Site "Internet Chess Club"]
[Date "2011.08.29"]
[Round "3"]
[White "BadHabitMarco"]
[Black "bobhill"]
[Result "1-0"]
[WhiteElo "2158"]
[BlackElo "1985"]
[Opening "Sicilian: dragon, Yugoslav attack, 12.h4"]
[ECO "B79"]
[Time "19:01:46"]
[TimeControl "2700+45"]

1. e4 c5 2. Nf3 d6 3. d4 cxd4 4. Nxd4 Nf6 5. Nc3 g6 6. Be3 Bg7 7. f3 Nc6 8. Qd2
O-O 9. Bc4 Bd7 10. O-O-O Qa5 11. Bb3 Rfc8 12. h4 Ne5 13. Kb1 b5 14. h5 Nc4 15.
Bxc4 bxc4 16. Bh6 Bxh6 17. Qxh6 Rab8 18. Nd5 Nxd5 19. exd5 Qb4 20. Qc1 a5 21.
hxg6 fxg6 22. c3 Qb6 23. Rh2 Rf8 24. Rdh1 Rf7 25. g4 a4 26. a3 Qc5 27. Ne6 Bxe6
28. dxe6 Rg7 29. Ka2 Qe5 30. Qe1 Qf4 31. Rh3 Rb5 32. Qf2 d5 33. Qa7 Rb8 34. Qxa4
Qe3 35. Qa5 Qxe6 36. Rd1 Qc8 37. Qxd5+ e6 38. Qe5 Rgb7 39. Rh2 Rb5 40. Qe4 R8b6
41. Rhd2 Kg7 42. Rd7+ Kh6 43. Qf4+ {Black resigns} 1-0

[Event "Team 45 45 League T50"]
[Site "Internet Chess Club"]
[Date "2011.08.29"]
[Round "3"]
[White "Beddathanme"]
[Black "DARKwizard1"]
[Result "0-1"]
[WhiteElo "1779"]
[BlackElo "2008"]
[Opening "Vienna game"]
[ECO "C26"]
[Time "09:01:36"]
[TimeControl "2700+45"]

1. e4 Nf6 2. Nc3 e5 3. Bc4 Bc5 4. d3 h6 5. Qf3 c6 6. Nge2 a5 7. a3 b5 8. Bb3 Na6
9. Be3 Qb6 10. Bxc5 Nxc5 11. Ba2 b4 12. Nd1 d6 13. h3 Ra7 14. O-O O-O 15. Ne3
Be6 16. Nf5 Bxf5 17. Qxf5 b3 18. cxb3 Nxb3 19. Rad1 Nd4 20. Nxd4 Qxd4 21. Rd2
Rb7 22. b3 Qc5 23. a4 Rb4 24. Qf3 Nh7 25. Qd1 Ng5 26. Rc2 Qb6 27. Qc1 Rc8 28.
Rc4 Ne6 29. Qc3 Rxc4 30. bxc4 Nd4 31. Kh2 Qb4 32. Qxb4 axb4 33. f4 b3 34. Bb1 f6
35. fxe5 fxe5 36. c5 d5 37. exd5 cxd5 38. Rc1 Ne2 39. Re1 Nc3 40. d4 e4 41. Rc1
Nxa4 42. c6 Kf7 43. c7 Ke7 44. Bxe4 dxe4 45. d5 b2 {White resigns} 0-1

[Event "Team 45 45 League T50"]
[Site "Internet Chess Club"]
[Date "2011.08.26"]
[Round "3"]
[White "pawn111"]
[Black "bgolev"]
[Result "1-0"]
[WhiteElo "1860"]
[BlackElo "1786"]
[Opening "Ruy Lopez: Anderssen variation"]
[ECO "C77"]
[Time "21:18:15"]
[TimeControl "2700+45"]

1. e4 e5 2. Nf3 Nc6 3. Bb5 a6 4. Ba4 Nf6 5. d3 b5 6. Bb3 d6 7. O-O Be7 8. c3 O-O
9. Be3 Na5 10. Bc2 c5 11. Nbd2 Ng4 12. h3 Nxe3 13. fxe3 Be6 14. Qe2 Qb6 15. Qf2
f6 16. Nh4 Rfd8 17. Nf5 Bf8 18. Ng3 Kh8 19. Nf3 g6 20. Ng5 Bg8 21. Qxf6+ Bg7 22.
Nf7+ Bxf7 23. Qxf7 Ra7 24. Qe6 c4 25. d4 Qc7 26. Rf3 Qe7 27. Qd5 Re8 28. Raf1
Qe6 29. Qxe6 Rxe6 30. Nh1 Kg8 31. Nf2 h5 32. h4 Ree7 33. Nh3 Rf7 34. Ng5 Rxf3
35. Rxf3 Rd7 36. Kf2 Nb7 37. Ke2 Nd8 38. b3 Bh6 39. Rg3 Bxg5 40. Rxg5 Kg7 41.
Rg3 Ne6 42. Bd1 a5 43. Kd2 Kh6 44. bxc4 bxc4 45. Ba4 Rb7 46. Kc2 Rf7 47. Rf3
Rxf3 48. gxf3 g5 49. hxg5+ Nxg5 50. f4 exf4 51. exf4 Nxe4 52. Bc6 Ng3 53. Bd5
Kg6 54. Bxc4 Kf5 55. Bd5 Kxf4 56. Kd3 Nf1 57. c4 Ne3 58. Bh1 Ng4 59. Bd5 h4 60.
c5 dxc5 61. dxc5 Ke5 62. Bf3 Nf6 63. Kc4 Ke6 64. Kb5 Kd7 65. Kxa5 Kc7 66. Kb5 h3
67. a4 Nd7 68. a5 Ne5 69. Bh1 Nd3 70. a6 Kb8 71. Kb6 Nxc5 72. a7+ {Black
resigns} 1-0

[Event "Team 45 45 League T50"]
[Site "Internet Chess Club"]
[Date "2011.08.26"]
[Round "3"]
[White "Tjet"]
[Black "Xanther"]
[Result "0-1"]
[WhiteElo "1470"]
[BlackElo "1448"]
[Opening "English opening"]
[ECO "A10"]
[Time "23:33:02"]
[TimeControl "2700+45"]

1. c4 d5 2. cxd5 Nf6 3. Nc3 e6 4. dxe6 Bxe6 5. Nf3 Nc6 6. a3 Bc5 7. e3 O-O 8. d4
Bb6 9. Be2 Na5 10. b4 Nb3 11. Rb1 Nxc1 12. Rxc1 c6 13. O-O Bc7 14. Ne5 Qe7 15.
f4 a5 16. f5 Bc8 17. Kh1 Rd8 18. Qb3 Bxe5 19. dxe5 Qxe5 20. bxa5 Bxf5 21. Qxb7
Rxa5 22. Bc4 Ng4 23. Qxf7+ Kh8 24. g3 Nxe3 25. Rf2 Rc5 26. Ne2 Rxc4 27. Rxc4
Rd1+ 28. Ng1 Rxg1+ 29. Kxg1 Qa1+ {White resigns} 0-1

[Event "Team 45 45 League T50"]
[Site "Internet Chess Club"]
[Date "2011.08.28"]
[Round "3"]
[White "doublepar"]
[Black "JohLeb"]
[Result "1/2-1/2"]
[WhiteElo "1451"]
[BlackElo "1433"]
[Opening "Sicilian: Pelikan (Lasker/Sveshnikov) variation"]
[ECO "B33"]
[Time "16:00:25"]
[TimeControl "2700+45"]

1. e4 c5 2. Nf3 Nc6 3. d4 cxd4 4. Nxd4 Nf6 5. Nc3 e5 6. Ndb5 d6 7. Bg5 Be7 8.
Bc4 O-O 9. Qd2 a6 10. Bxf6 axb5 11. Bxe7 Qxe7 12. Nxb5 Rd8 13. O-O-O Be6 14.
Bxe6 fxe6 15. a3 d5 16. exd5 Rxd5 17. Qe2 Rad8 18. Rxd5 Rxd5 19. Kb1 Nd4 20.
Nxd4 exd4 21. Rd1 e5 22. c3 Qd7 23. Qc4 Kh8 24. Kc2 b5 25. Qd3 Qc6 26. b4 e4 27.
Qxe4 Qxc3+ 28. Kb1 Qb3+ 29. Kc1 Qxa3+ 30. Kc2 Qc3+ 31. Kb1 Qxb4+ 32. Ka1 Qa4+
33. Kb2 Qb4+ 34. Ka2 Qc4+ 35. Kb2 Rd8 36. Qc2 Kg8 37. Qb3 Kf8 38. Qf3+ Kg8 39.
Qb3 Rd7 40. Rc1 Qxb3+ 41. Kxb3 Rd5 42. Rd1 Kf7 43. Re1 d3 44. Kc3 d2 45. Rd1 Ke6
46. Rxd2 Rxd2 47. Kxd2 Kd5 48. Kc3 Kc5 49. f4 b4+ 50. Kb3 Kd4 51. Kxb4 Ke4 52.
Kc4 Kxf4 53. Kd3 g5 54. Ke2 h5 55. Kf2 h4 56. h3 g4 57. hxg4 Kxg4 58. Kg1 Kg3
59. Kh1 {Game drawn by mutual agreement} 1/2-1/2

[Event "Team 45 45 League T50"]
[Site "Internet Chess Club"]
[Date "2011.08.25"]
[Round "3"]
[White "mongmong"]
[Black "tryanything"]
[Result "1/2-1/2"]
[WhiteElo "1623"]
[BlackElo "1564"]
[Opening "Queen's pawn game"]
[ECO "D04"]
[Time "17:00:36"]
[TimeControl "2700+45"]

1. d4 Nf6 2. Nf3 d5 3. e3 Bf5 4. c4 e6 5. Nc3 h6 6. Nh4 Bh7 7. Nf3 Be7 8. Qb3 b6
9. Ne5 O-O 10. Be2 Nbd7 11. Nxd7 Qxd7 12. cxd5 Nxd5 13. Nxd5 exd5 14. Bf3 c6 15.
O-O Qe6 16. Bd2 Be4 17. Qd1 Bxf3 18. Qxf3 Qf6 19. Qxf6 Bxf6 20. Rac1 Rac8 21.
Rc2 c5 22. Rfc1 c4 23. b3 b5 24. Bb4 Rfe8 25. Bc5 a6 26. bxc4 bxc4 27. Kf1 Be7
28. Bxe7 Rxe7 29. Rc3 Re6 30. Ra3 Kf8 31. h4 Ke7 32. g3 g6 33. Ra5 Rd6 34. Rc3
Ke6 35. Ke2 f5 36. f3 Rcc6 37. e4 dxe4 38. fxe4 Rxd4 39. exf5+ gxf5 40. Ke3 Re4+
41. Kf3 Kf6 42. Rd5 Ke6 43. Rd2 Rd6 44. Rdc2 Rc6 45. Rd2 Ke5 46. Rd8 Kf6 47. Rh8
Ke5 48. Rd8 Kf6 {Game drawn by mutual agreement} 1/2-1/2

[Event "Team 45 45 League T50"]
[Site "Internet Chess Club"]
[Date "2011.08.25"]
[Round "3"]
[White "nanning"]
[Black "seattleblues"]
[Result "1-0"]
[WhiteElo "1472"]
[BlackElo "1427"]
[Opening "QGD"]
[ECO "D30"]
[Time "05:00:22"]
[TimeControl "2700+45"]

1. d4 d5 2. c4 e6 3. Nf3 Nf6 4. Bg5 Be7 5. e3 O-O 6. Nbd2 Nbd7 7. Bd3 b6 8. O-O
Bb7 9. Rc1 Rc8 10. Bxf6 Nxf6 11. cxd5 Bxd5 12. Re1 Bb7 13. a3 c5 14. Nb3 Be4 15.
Ba6 Rc7 16. Ne5 Bd6 17. f3 Bb7 18. Bxb7 Rxb7 19. Nc4 cxd4 20. Qxd4 Rd7 21. Nxd6
Rxd6 22. Qa4 Rd3 23. Nd4 Qd7 24. Qc4 Rd2 25. Qc3 Rxd4 26. Qxd4 Qb7 27. e4 Nd7
28. Red1 Rd8 29. Qe5 h6 30. Qc7 Rb8 31. Rxd7 Qa8 32. Rxf7 {Black resigns} 1-0

[Event "Team 45 45 League T50"]
[Site "Internet Chess Club"]
[Date "2011.08.25"]
[Round "3"]
[White "MichaelJames"]
[Black "musfeldt"]
[Result "1-0"]
[WhiteElo "1395"]
[BlackElo "1344"]
[Opening "Sicilian: Taimanov variation"]
[ECO "B45"]
[Time "23:01:03"]
[TimeControl "2700+45"]

1. e4 c5 2. Nf3 Nc6 3. d4 cxd4 4. Nxd4 e6 5. Nc3 Nge7 6. Be3 a6 7. Bc4 Na5 8.
Bb3 Nec6 9. O-O Nxb3 10. axb3 Bb4 11. Qg4 Qf6 12. Rad1 O-O 13. Nce2 d5 14. Nxc6
bxc6 15. e5 Qg6 16. Qxb4 Qxc2 17. Rd2 Qf5 18. Qf4 f6 19. Qxf5 exf5 20. exf6 Rxf6
21. Ra1 Rb8 22. Rd3 Ra8 23. h3 a5 24. Bb6 a4 25. Rxa4 Rxa4 26. bxa4 Ba6 27. Rd2
Re6 28. Nf4 Re4 29. g3 Rxa4 30. Rc2 Bb5 31. Bc5 Kf7 32. Ba3 g6 33. h4 Kf6 34.
Ne2 d4 35. Nc1 d3 36. Rd2 Rd4 37. Kg2 Ke5 38. f3 Rd5 39. Kf2 c5 40. Ke3 c4 41.
Bf8 Rd7 42. Bh6 Kd5 43. Na2 Re7+ 44. Kf2 Kd4 45. Nc3 Ba6 46. Rd1 Rb7 47. Bc1 Re7
48. Re1 Rf7 49. f4 Bb7 50. Re5 Be4 51. Be3# {Black checkmated} 1-0

[Event "Team 45 45 League T50"]
[Site "Internet Chess Club"]
[Date "2011.08.30"]
[Round "3"]
[White "Aquaman"]
[Black "Conjurer"]
[Result "0-1"]
[WhiteElo "1264"]
[BlackElo "1349"]
[Opening "Blackmar-Diemer gambit"]
[ECO "D00"]
[Time "21:07:31"]
[TimeControl "2700+45"]

1. d4 Nf6 2. Nc3 d5 3. e4 dxe4 4. f3 exf3 5. Nxf3 Bf5 6. Ne5 Nbd7 7. Qf3 g6 8.
Qxb7 Bxc2 9. Bb5 Bg7 10. Nd5 O-O 11. Nxd7 Nxd7 12. Qc6 Bf5 13. Nxc7 Rc8 14. Bf4
Nb6 15. Ba6 Qxd4 16. Qc1 Qe4+ 17. Kf1 Rcd8 18. Nb5 Rd7 19. Bg3 Rfd8 20. Nc3 Qd4
21. Bb5 Bd3+ 22. Bxd3 Qxd3+ 23. Ke1 Rc8 24. Rf1 Bxc3+ 25. bxc3 Rxc3 26. Qf4 Qe3+
27. Qxe3 Rxe3+ 28. Kf2 Red3 29. Bf4 Nd5 30. Bg3 Ne3 31. Rfc1 f5 32. Bf4 Ng4+ 33.
Kg1 e5 34. Bg3 e4 35. Kf1 Kf7 36. Bf4 e3 37. h3 Nf6 38. Bg3 Re7 39. Re1 Nd5 40.
Bh4 Re4 41. Bg3 e2+ 42. Rxe2 Rxe2 43. Kxe2 Rxg3 44. Kf2 f4 45. Rb1 h5 46. Rb7+
Kf6 47. Rxa7 Ne3 48. Ra6+ Kg5 49. Ra5+ Kh6 50. Ra4 Rxg2+ 51. Kf3 g5 52. Ra6+ Kg7
53. Ra7+ Kg6 54. Ra6+ Kf5 55. Ra5+ Ke6 56. Ra6+ Ke5 57. Ra5+ Kf6 58. Ra6+ Ke7
59. Ra7+ Kd6 60. Ra6+ Kc7 61. Ra3 Rg3+ 62. Ke4 Nf1 63. Ra7+ Kb6 64. Rf7 Re3+ 65.
Kf5 f3 66. Kxg5 Nh2 67. Rf6+ Kc5 68. Rf5+ Kd6 69. Rf6+ Re6 70. Rf4 Re5+ 71. Kh4
Re2 72. Kg3 Ke5 73. Ra4 Rg2+ 74. Kh4 f2 75. Ra5+ Kf4 76. Ra4+ Ke3 77. Ra3+ Ke2
78. Ra5 f1=Q 79. Re5+ Kd3 80. Rd5+ Ke4 {White resigns} 0-1

[Event "Team 45 45 League T50"]
[Site "Internet Chess Club"]
[Date "2011.08.26"]
[Round "3"]
[White "ElmerHo"]
[Black "oldsj"]
[Result "1/2-1/2"]
[WhiteElo "1554"]
[BlackElo "1503"]
[Opening "Ruy Lopez: open, Bernstein variation"]
[ECO "C80"]
[Time "19:02:00"]
[TimeControl "2700+45"]

1. e4 e5 2. Nf3 Nc6 3. Bb5 a6 4. Ba4 Nf6 5. O-O Nxe4 6. d4 b5 7. Bb3 d5 8. dxe5
Be6 9. Nbd2 Nc5 10. c3 Bg4 11. Re1 Be7 12. h3 Bh5 13. Bc2 O-O 14. Nf1 Bxf3 15.
Qxf3 Qd7 16. Bf4 Ne6 17. Bg3 Rad8 18. Rad1 Bc5 19. Qd3 g6 20. Ne3 Bxe3 21. Rxe3
Qe7 22. Qe2 d4 23. Red3 dxc3 24. Rxd8 Rxd8 25. Rxd8+ Nexd8 26. bxc3 Ne6 27. Bb3
Na5 28. Bxe6 fxe6 29. Qe4 Qd8 30. Qb4 Nc4 31. Qc5 Qd7 32. Qa7 Qc8 33. Qd4 Qf8
34. Bh4 Nb6 35. Qg4 Qe8 36. Qd4 Nd5 {Game drawn by mutual agreement} 1/2-1/2

[Event "Team 45 45 League T50"]
[Site "Internet Chess Club"]
[Date "2011.08.30"]
[Round "3"]
[White "stan-beers"]
[Black "BrerRabbit"]
[Result "0-1"]
[WhiteElo "1439"]
[BlackElo "1520"]
[Opening "Réti: King's Indian attack"]
[ECO "A05"]
[Time "11:00:21"]
[TimeControl "2700+45"]

1. Nf3 Nf6 2. g3 g6 3. Bg2 Bg7 4. O-O O-O 5. d3 c5 6. e4 d6 7. c3 Nc6 8. Nbd2 e5
9. a3 b5 10. Re1 Re8 11. b4 a5 12. Bb2 axb4 13. axb4 Rxa1 14. Bxa1 cxb4 15. c4
Qb6 16. cxb5 Qxb5 17. Nb3 Bg4 18. Bb2 h6 19. h3 Bd7 20. Bf1 Qb6 21. Bc1 d5 22.
Be3 d4 23. Bd2 Qb5 24. Qc1 Bf8 25. h4 Be6 26. Qb1 Qa4 27. Nc1 b3 28. Be2 Nd7 29.
Bd1 Rb8 30. Re2 Qa3 31. Nxb3 Bxb3 32. Bxb3 Qxb3 33. Qc1 Qb1 34. Qxb1 Rxb1+ 35.
Kg2 Kg7 36. g4 Bb4 37. g5 {White resigns} 0-1

[Event "Team 45 45 League T50"]
[Site "Internet Chess Club"]
[Date "2011.08.25"]
[Round "3"]
[White "PsyMar"]
[Black "Risto"]
[Result "1-0"]
[WhiteElo "1412"]
[BlackElo "1306"]
[Opening "Caro-Kann defense"]
[ECO "B12"]
[Time "13:00:22"]
[TimeControl "2700+45"]

1. e4 c6 2. d4 d5 3. Bd3 dxe4 4. Bxe4 Nf6 5. Bf3 e6 6. Ne2 Bd6 7. O-O Qc7 8. Ng3
O-O 9. Re1 b6 10. c4 Bb7 11. Nc3 Nbd7 12. d5 Bxg3 13. hxg3 exd5 14. Bf4 Qc8 15.
cxd5 cxd5 16. Nxd5 Nxd5 17. Bxd5 Nf6 18. Rc1 Qd7 19. Bxb7 Qxb7 20. Rc7 Qa6 21.
a3 Qb5 22. b4 Nd5 23. Re5 Nxc7 24. Rxb5 Nxb5 25. Qd3 a6 26. a4 Rfd8 27. Qe3 Nd4
28. Bc7 Rd5 29. Bxb6 Ne6 30. Qf3 {Black resigns} 1-0